 Dungeon Crawl Stone Soup version 0.20.1-1-g8b1a95d (webtiles) character file.

44 Saithnar the Skirmisher (level 3, -1/29 HPs)
             Began as a Demonspawn Abyssal Knight on Aug 18, 2017.
             Was a Follower of Lugonu.
             Succumbed to a kobold's poison
             ... on level 2 of the Dungeon.
             The game lasted 00:05:43 (1260 turns).

Saithnar the Skirmisher (Demonspawn Abyssal Knight) Turns: 1260, Time: 00:05:44

Health: -1/29      AC:  5    Str: 13    XL:     3   Next: 39%
Magic:  5/5        EV: 10    Int: 13    God:    Lugonu [*.....]
Gold:   48         SH:  0    Dex: 12    Spells: 2/2 levels left

rFire    . . .     SeeInvis .   a - +1 falchion
rCold    . . .     Gourm    .   (no shield)
rNeg     + . .     Faith    .   l - +0 ring mail (curse)
rPois    .         Spirit   .   (no helmet)
rElec    .         Reflect  .   (no cloak)
rCorr    .         Harm     .   (no gloves)
MR       .....                  (no boots)
Stlth    +.........             (no amulet)
Regen    0.1/turn               r - ring of positive energy
MPRegen  0.1/turn               (no ring)

@: lethally poisoned (-1 -> -40)
A: talons 1
a: Depart the Abyss, Renounce Religion


You were on level 2 of the Dungeon.
You worshipped Lugonu.
Lugonu was aware of your devotion.
You were not hungry.

You visited 1 branch of the dungeon, and saw 2 of its levels.
You visited the Abyss 1 time.

You collected 48 gold pieces.

Inventory:

Hand Weapons
 a - a +1 falchion (weapon)
 d - a +0 short sword
 i - a +0 dagger
 j - a +0 club
 k - a +0 spear
 o - a +0 dagger
 s - a +0 falchion
Missiles
 m - 7 tomahawks (quivered)
Armour
 b - a +0 leather armour
 e - a +0 robe
 f - a +0 buckler
 l - a cursed +0 ring mail (worn)
 p - a +0 chain mail
 q - a +0 ring mail
 t - a +0 ring mail
Jewellery
 r - a ring of positive energy (left hand)
Scrolls
 g - a scroll of recharging
Comestibles
 c - a bread ration
 h - 3 fruits


   Skills:
 + Level 3.4 Fighting
 + Level 2.4 Long Blades
 + Level 2.0 Armour
 + Level 1.4 Dodging
 + Level 2.8 Invocations


You had 2 spell levels left.
You didn't know any spells.

Dungeon Overview and Level Annotations

Branches:
Dungeon (2/15)

Altars:
Vehumet


Innate Abilities, Weirdness & Mutations

You have sharp toenails.


Message History

You feel very sick.
The kobold shoots a poisoned needle.
The poisoned needle hits you!
You are more poisoned.
You see here a poisoned needle.
You feel very sick. The rat bites you but does no damage.
You aren't carrying any potions.
* * * LOW HITPOINT WARNING * * *
You feel very sick.
You hit the rat.
You kill the rat!
Lugonu accepts your kill.
* * * LOW HITPOINT WARNING * * *
You feel very sick.
The kobold shoots a poisoned needle.
The poisoned needle hits you!
You are more poisoned.
* * * LOW HITPOINT WARNING * * *
You feel very sick.
A dart slug comes into view.
You die...

#...##.#.#.....
#......#.#..########
#.#.>###...........#
#.#..)......######.#
#.#..#...w..#
#.#....###..# #
#.#.#..# #.^######.#
..#.#..# #........_#
.....#.###.@†(...###
#####..#..##(##.....
...[...#..#..K#.##.#
##.)..)(?(..#
#.#..#...#$.....
#.##.##........# #.
......##.#.##
#.#.##.#.# .... #...
..... .##K


You could see a dart slug (wandering) and a kobold.

Vanquished Creatures
  A worm (D:2)
  3 dart slugs
  2 ball pythons (D:1)
  A bat (D:1)
  2 giant cockroaches (D:1)
  7 goblins
  4 hobgoblins (D:1)
  2 jackals (D:1)
  4 frilled lizards
  2 kobolds (D:2)
  4 rats
32 creatures vanquished.

Notes
Turn   | Place    | Note
-------+----------+-------------------------------------------
     0 | Abyss:1  | Saithnar the Demonspawn Abyssal Knight began the quest for the Orb.
     0 | Abyss:1  | Reached XP level 1. HP: 18/18 MP: 2/2
     1 | D:1      | Escaped the Abyss
   368 | D:1      | Reached skill level 1 in Dodging
   452 | D:1      | Gained mutation: You have sharp toenails. [demonic ancestry]
   452 | D:1      | Reached XP level 2. HP: 23/24 MP: 3/3
   738 | D:1      | Reached * piety under Lugonu
   782 | D:1      | Reached XP level 3. HP: 22/29 MP: 5/5
  1254 | D:2      | Found a radiant altar of Vehumet.
  1260 | D:2      | Succumbed to a kobold's poison

Skill      XL: |  1  2  3 |
---------------+----------+-----
Dodging        | 1 |  1.4
Long Blades    | 2 |  2.4
Armour         | 2 |  2.0
Fighting       | |  3.4
Invocations    | |  2.8

Action                   || total
-------------------------++-------
Melee: Falchion          ||    73
       Kick              ||    11
Invok: Depart the Abyss  ||     1
  Use: Scroll            ||     2
  Eat: Chunk             ||     1
Armor: Leather armour    ||     8
       Ring mail         ||     5
Dodge: Dodged            ||    57
       Rpst.: Falchion   ||    13
